Map: Ciekawskie Umysły ER

Players

MasterDD - Winner!

  • Race: Terran Terran

Kiro

  • Race: Terran Terran
  • League: Gold

VOD

Have the link to the VOD?

Description

Time

  • Played on: April 24, 2022, 1:38 p.m.
  • Length: 11:30
Show
View Real Time Build Order
Export as new Build Order

MasterDD Terran - Winner!

Build Orders:  

Get SALT Encoding   

  12  0:00  SCV  
  13  0:12  SCV  
  14  0:23  Supply Depot  
  14  0:24  SCV  
  15  0:45  SCV  
  15  0:46  Barracks  
  15  0:49  Refinery  
  16  0:57  SCV  
  17  1:09  SCV  
  18  1:21  SCV  
  19  1:34  Orbital Command  
  19  1:35  Barracks Reactor  
  19  1:49  Command Center  
  19  2:06  SCV  
  20  2:11  Marine  
  20  2:13  Marine  
  21  2:18  Barracks  
  21  2:26  Supply Depot  
  21  2:29  Marine  
  22  2:31  Marine  
  23  2:47  Marine  
  23  2:48  Marine, SCV  
  26  2:54  Supply Depot  
  26  3:00  SCV  
  26  3:01  Orbital Command  
  27  3:07  Barracks Tech Lab  
  27  3:11  Barracks  
  27  3:12  SCV  
  28  3:23  Supply Depot  
  28  3:24  SCV  
  29  3:28  SCV  
  29  3:32  Marine x2  
  29  3:33  Marine  
  33  3:35  Stimpack  
  33  3:36  SCV  
  33  3:40  SCV  
  35  3:48  Factory  
  35  3:57  Marine  
  35  4:01  Marine  
  37  4:03  Supply Depot  
  37  4:07  SCV x2  
  39  4:10  Refinery  
  39  4:14  Barracks Reactor  
  39  4:25  Supply Depot  
  39  4:32  Starport, Factory Reactor  
  39  4:35  Marine x3  
  39  4:37  SCV x2  
  44  4:42  Refinery  
  44  4:49  SCV x2  
  46  4:52  Marine  
  46  4:53  Marine x3  
  46  4:54  Marine  
  51  5:01  SCV x2  
  53  5:10  Marine x2  
  53  5:11  Marine  
  56  5:15  Combat Shield  
  56  5:19  Marine x2  
  56  5:20  Factory Tech Lab, Medivac x2  
  62  5:25  SCV x2  
  62  5:28  Marine x2  
  64  5:29  Marine  
  67  5:36  Marine  
  67  5:37  Marine, SCV x2  
  67  5:40  Siege Tank  
  74  5:46  Marine x3  
  74  5:49  Refinery, SCV  
  78  6:07  Supply Depot  
  78  6:16  Supply Depot  
  78  6:28  Marine x5, SCV, Medivac  
  78  6:30  Supply Depot  
  86  6:38  SCV, Siege Tank  
  86  6:39  Medivac  
  92  6:40  SCV  
  92  6:46  Marine  
  94  6:51  Marine x4  
  94  6:52  SCV, Supply Depot  
  99  6:58  Medivac  
  99  6:59  SCV  
  102  7:04  Marine, SCV  
  104  7:09  Marine x3  
  104  7:10  Siege Tank  
  104  7:14  Marine, SCV, Medivac  
  114  7:15  Supply Depot  
  114  7:16  SCV  
  114  7:21  Marine  
  116  7:26  SCV  
  116  7:27  Marine  
  118  7:36  Marine  
  118  7:37  Marine, SCV  
  118  7:43  Siege Tank  
  104  7:49  SCV x2  
  106  7:52  Marine  
  106  7:53  Marine x2  
  106  7:54  Marine x2  
  111  8:05  SCV x2, Barracks  
  113  8:10  Marine  
  114  8:13  Command Center  
  114  8:16  Marine x4  
  114  8:17  SCV x2  
  114  8:18  Siege Tank  
  123  8:27  Concussive Shells  
  123  8:28  Marine  
  123  8:29  SCV  
  123  8:30  SCV  
  123  8:33  Factory  
  126  8:39  Supply Depot  
  126  8:52  Barracks  
  126  8:57  Marine x2  
  126  8:58  Siege Tank  
  126  9:01  Supply Depot  
  126  9:02  Refinery  
  131  9:04  Barracks Reactor  
  131  9:11  Refinery  
  131  9:18  Factory  
  131  9:24  Supply Depot  
  131  9:26  Orbital Command  
  131  9:39  Marine x7  
  138  9:46  Supply Depot x2  
  138  9:48  Marine  
  138  9:49  Siege Tank  
  142  9:53  Factory Tech Lab  
  142  9:57  Marine x7  
  142  9:59  Medivac x2  
  153  10:06  Marine  
  154  10:10  Supply Depot x2  
  154  10:13  SCV x3  
  157  10:15  Marine x7  
  164  10:21  Siege Tank  
  164  10:24  Marine  
  164  10:25  SCV  
  169  10:29  Medivac  
  169  10:32  Marine  
  169  10:33  Marine x6  
  169  10:35  Supply Depot  
  178  10:41  Marine  
  179  10:50  Marine x3  
  164  11:00  Supply Depot  
  146  11:10  Marine x7  
  146  11:11  Marine  
  152  11:23  Supply Depot  
Show
View Real Time Build Order
Export as new Build Order

Kiro Terran 

Build Orders:  

Get SALT Encoding   

  12  0:01  SCV  
  13  0:18  SCV, Supply Depot  
  14  0:30  SCV  
  15  0:37  Refinery  
  15  0:42  Barracks  
  15  0:51  SCV  
  16  1:03  SCV  
  17  1:15  SCV  
  18  1:18  Barracks  
  18  1:27  SCV  
  19  1:39  SCV  
  20  1:46  Marine  
  21  1:47  Refinery  
  21  1:51  SCV  
  22  2:02  Factory  
  22  2:04  SCV  
  22  2:06  Supply Depot  
  23  2:09  Barracks Reactor  
  23  2:23  Supply Depot  
  23  2:27  Barracks Reactor, SCV  
  24  2:30  Barracks Tech Lab  
  24  2:39  SCV  
  25  2:45  Marine  
  25  2:46  Marine  
  25  2:50  Factory Reactor  
  27  2:53  Marine  
  27  2:57  Combat Shield  
  28  3:03  Marine  
  28  3:04  Marine  
  30  3:14  Barracks  
  30  3:21  Marine x2  
  32  3:31  Hellion x2  
  36  3:39  Marine x2  
  38  3:43  Engineering Bay  
  38  3:46  Orbital Command  
  38  4:02  Supply Depot  
  38  4:24  Hellion x2, Supply Depot  
  42  4:26  Terran Infantry Weapons Level 1  
  42  4:28  Supply Depot  
  42  4:33  Marine  
  42  4:34  Marine  
  44  4:40  Marauder  
  46  4:51  Barracks Reactor  
  46  4:52  Marine x2  
  48  4:59  Hellion  
  48  5:26  Armory  
  48  5:36  Factory Reactor  
  48  5:43  Factory Tech Lab  
  48  5:45  Marine  
  48  5:46  Marine  
  48  5:49  Marauder  
  52  5:56  Starport  
  52  6:10  Command Center  
  52  6:17  Siege Tank  
  55  6:20  Terran Infantry Armor Level 1  
  55  6:23  Concussive Shells  
  55  6:34  Starport Reactor  
  55  6:38  Terran Vehicle Weapons Level 1  
  55  6:56  Siege Tank  
  58  7:06  Supply Depot  
  58  7:14  Engineering Bay  
  58  7:20  Missile Turret  
  58  7:43  Medivac x2  
  56  8:00  SCV  
  57  8:12  SCV  
  58  8:24  Terran Infantry Weapons Level 2, SCV  
  59  8:33  Missile Turret  
  59  8:36  Missile Turret, SCV  
  60  8:44  Marine x2  
  60  8:46  Marauder  
  60  8:48  SCV  
  65  8:55  Missile Turret, Siege Tank  
  65  9:00  SCV  
  65  9:02  Missile Turret, Marine x2  
  71  9:06  SCV  
  71  9:08  Marauder  
  74  9:12  SCV  
  75  9:18  SCV  
  76  9:24  Refinery, SCV  
  76  9:26  Missile Turret  
  76  9:30  Marauder, SCV  
  80  9:33  Missile Turret  
  80  9:36  SCV  
  81  9:43  SCV  
  82  9:49  SCV, Medivac  
  82  9:50  Refinery  
  85  9:55  SCV  
  86  10:05  Supply Depot  
  86  10:11  Supply Depot  
  86  10:12  Supply Depot  
  86  10:14  Supply Depot  
  86  10:26  Marauder, Marine x2, SCV x2, Medivac  
  94  10:33  Siege Tank  
  97  10:36  Barracks  
  97  10:38  SCV x2  
  99  10:50  SCV  
  99  10:56  Marine x2  
  99  10:57  Marine  
  90  10:58  Marine x2  
Tags
 
Add a new tag
Caveats
  • Supply blocks, unpowered buildings, or Contaminate may cause inaccurate times.
  • Supply counts are checked every 10 seconds.